[Event "Titled Tuesday Blitz February 28 Early 2023"]
[White "Seifert, Henryk"]
[Black "Mendez Machado, Andre"]
[WhiteFideId "1100963"]
[BlackFideId "6603793"]
[WhiteElo "2071"]
[BlackElo "1989"]
[Result "0-1"]
[Round "09"]
[TimeControl "180+2"]
[Date "2023.02.28"]
[WhiteClock "0:00:04"]
[BlackClock "0:00:19"]

1. e4 e5 2. Nf3 Nc6 3. Nc3 Nf6 4. Bb5 Nd4 5. Bc4 Nxf3+ 6. Qxf3 Bc5 7. d3 c6 8. Bg5 h6 9. Bxf6 Qxf6 10. Qxf6 gxf6 11. O-O Rg8 12. Kh1 d6 13. f4 Be6 14. fxe5 Bxc4 15. dxc4 fxe5 16. Rf3 Ke7 17. Raf1 Raf8 18. Na4 Bd4 19. c3 Bb6 20. Nxb6 axb6 21. a4 Rg4 22. Re1 f5 23. exf5 Rxc4 24. b3 Rg4 25. h3 Rg5 26. Ref1 Kf6 27. Kh2 h5 28. b4 e4 29. Rf4 d5 30. g3 Rfg8 31. Rh4 e3 32. Rf3 Re8 0-1


[Site "https://www.chess.com"]

[Event "Titled Tuesday Blitz February 28 Early 2023"]
[White "lisjakzlatko1"]
[Black "Kalaiyalahan, Akshaya"]
[BlackFideId "422894"]
[WhiteElo "2155"]
[BlackElo "2043"]
[Result "1-0"]
[Round "09"]
[TimeControl "180+2"]
[Date "2023.02.28"]
[WhiteClock "0:00:52"]
[BlackClock "0:00:27"]

1. e4 d5 2. exd5 Qxd5 3. Nc3 Qa5 4. Nf3 Nf6 5. b4 Qxb4 6. a4 e6 7. Ba3 Qa5 8. Bxf8 Kxf8 9. Be2 g6 10. h4 h5 11. Ng5 Kg7 12. Bf3 c6 13. O-O Nbd7 14. Rb1 Ne5 15. Be2 b6 16. Rb3 Ba6 17. Bxa6 Qxa6 18. Qa1 Qc4 19. Re1 Qf4 20. Nce4 Nfg4 21. g3 Qf5 22. Rf3 f6 23. Rxf5 exf5 24. Nxf6 Kxf6 25. f4 1-0


[Site "https://www.chess.com"]

[Event "Titled Tuesday Blitz February 28 Early 2023"]
[White "Tarnowska, Aleksandra"]
[Black "Zaichenko, Daria"]
[WhiteFideId "1180967"]
[BlackFideId "4197453"]
[WhiteElo "1776"]
[BlackElo "2039"]
[Result "0-1"]
[Round "09"]
[TimeControl "180+2"]
[Date "2023.02.28"]
[WhiteClock "0:00:02"]
[BlackClock "0:00:44"]

1. e4 c5 2. Nf3 Nc6 3. Bb5 Nd4 4. Bc4 d6 5. c3 Nxf3+ 6. Qxf3 Nf6 7. h3 e6 8. d3 Be7 9. O-O O-O 10. Nd2 d5 11. Bb3 b6 12. e5 Nd7 13. d4 Bb7 14. Re1 f6 15. exf6 Nxf6 16. Qe2 Bc8 17. Nf3 Ne4 18. Be3 Qe8 19. Bc2 Nd6 20. Ne5 Nf5 21. Qg4 Bf6 22. Bxf5 exf5 23. Qg3 Bxe5 24. dxe5 Be6 25. Rad1 Kh8 26. f4 Qb5 27. b3 Qa5 28. c4 d4 29. Bf2 Qxa2 30. Ra1 Qd2 31. Red1 Qe2 32. Re1 Qh5 33. Qd3 a5 34. Ra4 Qh6 35. g3 Qxh3 36. Qf3 Rab8 37. Re2 Bc8 38. Be1 Bb7 39. Rh2 Qxh2+ 40. Kxh2 Bxf3 41. Kh3 0-1


[Site "https://www.chess.com"]

[Event "Titled Tuesday Blitz February 28 Early 2023"]
[White "Yanayt, Eugene"]
[Black "Simonovic, Miroslav"]
[WhiteFideId "2020165"]
[BlackFideId "919152"]
[WhiteElo "2083"]
[BlackElo "2057"]
[Result "0-1"]
[Round "09"]
[TimeControl "180+2"]
[Date "2023.02.28"]
[WhiteClock "0:00:13"]
[BlackClock "0:00:24"]

1. e4 c5 2. Nf3 Nc6 3. d4 cxd4 4. Nxd4 a6 5. c4 g6 6. Nc3 Bg7 7. Be3 d6 8. Be2 Nf6 9. O-O O-O 10. Qd2 Nxd4 11. Bxd4 Be6 12. f4 Qd7 13. h3 h5 14. Bd3 Rac8 15. b3 Bxh3 16. Bxf6 Bxf6 17. gxh3 Qxh3 18. Kf2 Bd4+ 19. Ke1 Be3 20. Qe2 Bd4 21. Rc1 Qg3+ 22. Kd1 Be3 23. Rc2 Bxf4 24. Nd5 Bg5 25. Rc3 Qe5 26. Bb1 e6 27. Rd3 exd5 28. Rxd5 Qe7 29. e5 dxe5 30. Rxe5 Rfd8+ 31. Bd3 Rxd3+ 32. Qxd3 Qxe5 33. Qd7 Rd8 34. Rxf7 Rxd7+ 35. Rxd7 0-1


[Site "https://www.chess.com"]

[Event "Titled Tuesday Blitz February 28 Early 2023"]
[White "Hon, Eric"]
[Black "parintele_chess"]
[WhiteFideId "2097117"]
[WhiteElo "1918"]
[BlackElo "2225"]
[Result "1-0"]
[Round "09"]
[TimeControl "180+2"]
[Date "2023.02.28"]
[WhiteClock "0:00:44"]
[BlackClock "0:00:06"]

1. e4 d6 2. d4 Nf6 3. Bd3 e5 4. dxe5 dxe5 5. Nf3 Bd6 6. h3 h6 7. O-O O-O 8. Be3 Nc6 9. c4 Qe7 10. Nc3 Bc5 11. Bxc5 Qxc5 12. Nd5 Nxd5 13. cxd5 Nb4 14. a3 Nxd3 15. Qxd3 Qd6 16. Qc3 f5 17. Qxe5 Qxe5 18. Nxe5 fxe4 19. Rac1 Re8 20. f4 exf3 21. Nxf3 Re7 22. Nh4 c6 23. dxc6 bxc6 24. Rxc6 Bb7 25. Rg6 Re4 26. Nf5 Re2 27. Rxg7+ Kh8 28. Rg3 Rg8 29. Rxg8+ Kxg8 30. Rf2 Re1+ 31. Kh2 Be4 32. Nxh6+ Kh7 33. Ng4 Bg6 34. Kg3 Kg7 35. Kh4 Re4 36. Rd2 Re7 37. Kg3 Rc7 38. Ne5 Bf5 39. Nf3 Bg6 40. b4 Rc3 41. Rd7+ Kh6 42. Rxa7 Bc2 43. Ra6+ Kg7 44. b5 Bg6 45. b6 Rb3 46. Ra7+ Kh8 47. b7 Be8 48. Ra8 Rxb7 49. Rxe8+ Kg7 50. Re2 Rb6 51. Ra2 Ra6 52. a4 Rb6 53. a5 Ra6 54. Nd4 Kf7 55. Nb3 Kg7 56. Nc5 Rg6+ 57. Kh2 Kh7 58. a6 Rg8 59. a7 Rg7 60. a8=Q Rg6 61. Qe4 Kg7 62. Ra7+ Kh6 63. Qh4# 1-0


[Site "https://www.chess.com"]

[Event "Titled Tuesday Blitz February 28 Early 2023"]
[White "Cueto, Jonny"]
[Black "Ricaurte Lopez, Juan Carlos"]
[WhiteFideId "3300145"]
[BlackFideId "3600327"]
[WhiteElo "2212"]
[BlackElo "2209"]
[Result "0-1"]
[Round "09"]
[TimeControl "180+2"]
[Date "2023.02.28"]
[WhiteClock "0:00:19"]
[BlackClock "0:00:21"]

1. d4 d5 2. Nf3 c5 3. g3 Nc6 4. Bg2 Bg4 5. dxc5 e5 6. Nc3 d4 7. Ne4 f5 8. Nd6+ Bxd6 9. cxd6 Qxd6 10. O-O Nf6 11. c3 O-O-O 12. cxd4 Nxd4 13. Nxd4 Qxd4 14. Qxd4 exd4 15. f3 Bh5 16. Bf4 Nd5 17. Rac1+ Kd7 18. Be5 Ne3 19. Rfe1 Ke6 20. Bxg7 Rhg8 21. Bh6 Rd7 22. Bxe3 dxe3 23. Rc3 Rd2 24. Rxe3+ Kf6 25. Rb3 b6 26. Kf1 Rc8 27. Ra3 a5 0-1


[Site "https://www.chess.com"]

[Event "Titled Tuesday Blitz February 28 Early 2023"]
[White "Michalski, Olaf"]
[Black "Larina, Maria"]
[WhiteFideId "1106740"]
[BlackFideId "24113182"]
[WhiteElo "2173"]
[BlackElo "1848"]
[Result "1-0"]
[Round "09"]
[TimeControl "180+2"]
[Date "2023.02.28"]
[WhiteClock "0:00:27"]
[BlackClock "0:00:19"]

1. d4 f5 2. g3 Nf6 3. Bg2 g6 4. c3 Bg7 5. Qb3 c6 6. Nd2 e6 7. e4 fxe4 8. Nxe4 d5 9. Nxf6+ Qxf6 10. Nf3 Nd7 11. O-O O-O 12. Bf4 h6 13. h4 Qf5 14. Rae1 Bf6 15. Bxh6 Re8 16. Bh1 e5 17. dxe5 Nxe5 18. Nxe5 Rxe5 19. Bf4 Re6 20. c4 Bxh4 21. cxd5 cxd5 22. Bxd5 Kf7 23. Bxe6+ Bxe6 24. Qxe6+ Qxe6 25. Rxe6 Kxe6 26. gxh4 Kf5 27. Bg3 Rc8 28. Re1 Rc2 29. Re5+ Kg4 30. Rb5 b6 31. Rb3 Rc1+ 32. Kg2 Rc4 33. a3 Ra4 34. Rb4+ Rxb4 35. axb4 Kf5 36. Kf3 b5 37. Ke3 a6 38. Kd4 Ke6 39. Kc5 Kd7 40. Kb6 Ke6 41. Kxa6 1-0


[Site "https://www.chess.com"]

[Event "Titled Tuesday Blitz February 28 Early 2023"]
[White "Bacrot, Etienne"]
[Black "So, Wesley"]
[WhiteFideId "605506"]
[BlackFideId "5202213"]
[WhiteElo "2667"]
[BlackElo "2739"]
[Result "0-1"]
[Round "10"]
[TimeControl "180+2"]
[Date "2023.02.28"]
[WhiteClock "0:00:08"]
[BlackClock "0:00:27"]

1. e4 e5 2. Nf3 Nc6 3. Bb5 Nf6 4. O-O Nxe4 5. Re1 Nd6 6. Nxe5 Be7 7. Bf1 Nf5 8. Nf3 O-O 9. d4 d5 10. c3 Re8 11. Bd3 Bd6 12. Rxe8+ Qxe8 13. Nbd2 Nce7 14. Nf1 c6 15. Qc2 f6 16. Bd2 g6 17. Re1 Ng7 18. c4 Bg4 19. c5 Bc7 20. Nh4 Qd7 21. Bh6 Re8 22. Bd2 Kf7 23. Ne3 Be6 24. g3 Bh3 25. Bc3 g5 26. Nf3 Nef5 27. Nxf5 Rxe1+ 28. Nxe1 Nxf5 29. Bf1 Bxf1 30. Kxf1 Qe6 31. Qe2 Qe4 32. Qxe4 dxe4 33. Ke2 Ke6 34. Ng2 Kd5 35. h3 Nxd4+ 36. Ke3 Be5 37. g4 Ne6 38. Kd2 Bxc3+ 39. Kxc3 Nxc5 40. Ne3+ Ke5 41. Kc4 Nd3 42. b4 Nxf2 0-1


[Site "https://www.chess.com"]

[Event "Titled Tuesday Blitz February 28 Early 2023"]
[White "Duda, Jan-Krzysztof"]
[Black "Abdrlauf, Elham"]
[WhiteFideId "1170546"]
[BlackFideId "1533533"]
[WhiteElo "2790"]
[BlackElo "2476"]
[Result "1-0"]
[Round "10"]
[TimeControl "180+2"]
[Date "2023.02.28"]
[WhiteClock "0:00:04"]
[BlackClock "0:00:02"]

1. d4 Nf6 2. Nc3 d5 3. Bf4 c5 4. e3 Bg4 5. f3 Bd7 6. g4 e6 7. Qd2 Be7 8. h4 a6 9. h5 h6 10. O-O-O cxd4 11. exd4 Nc6 12. Qe3 Rc8 13. Kb1 Na5 14. Bd3 b5 15. Be5 b4 16. Nce2 Nc4 17. Bxc4 dxc4 18. Nf4 Bc6 19. Ngh3 Qa5 20. Bxf6 Bxf6 21. d5 b3 22. cxb3 cxb3 23. axb3 Bb5 24. dxe6 O-O 25. e7 Rfe8 26. Nd5 Rc6 27. g5 Re6 28. Nxf6+ gxf6 29. Qf4 fxg5 30. Nxg5 hxg5 31. Qxg5+ Kh8 32. Qg4 Rg8 33. Qd4+ f6 34. Rhg1 Be8 35. Rxg8+ Kxg8 36. Qg4+ Kf7 37. Rg1 Kxe7 38. h6 Re1+ 39. Rxe1+ Qxe1+ 40. Ka2 Qa5+ 41. Kb1 Qg5 42. Qe4+ Kd7 43. h7 Bg6 44. h8=Q Bxe4+ 45. fxe4 Qe5 46. Qh3+ Kc6 47. Qd3 Kb6 48. b4 Kb7 49. Kc2 Kb6 50. Kb3 Qe6+ 51. Qc4 Qxc4+ 52. Kxc4 Kc6 53. Kb3 Kb6 54. Ka4 Kb7 55. Ka5 Ka7 56. b5 axb5 57. Kxb5 1-0


[Site "https://www.chess.com"]

[Event "Titled Tuesday Blitz February 28 Early 2023"]
[White "Carlsen, Magnus"]
[Black "Matlakov, Maxim"]
[WhiteFideId "1503014"]
[BlackFideId "4168003"]
[WhiteElo "2852"]
[BlackElo "2666"]
[Result "0-1"]
[Round "10"]
[TimeControl "180+2"]
[Date "2023.02.28"]
[WhiteClock "0:00:03"]
[BlackClock "0:00:03"]

1. e4 e5 2. Nf3 Nc6 3. Bb5 a6 4. Ba4 Nf6 5. O-O Be7 6. d3 b5 7. Bb3 d6 8. a4 Rb8 9. axb5 axb5 10. h3 O-O 11. Re1 h6 12. Nbd2 Re8 13. c3 b4 14. Ba4 Bd7 15. c4 Bf8 16. Nf1 Ne7 17. Bxd7 Nxd7 18. Be3 c5 19. Bd2 f5 20. exf5 Nxf5 21. Ne3 Nxe3 22. Bxe3 Nf6 23. Nd2 d5 24. cxd5 Qxd5 25. Qc2 Red8 26. Ne4 Qxd3 27. Nxf6+ gxf6 28. Qc1 Qg6 29. Ra7 Rbc8 30. Qc4+ Kh8 31. Rea1 Bg7 32. Rb7 Rg8 33. Raa7 f5 34. f3 f4 35. Bf2 Rcd8 36. Qxc5 Rd1+ 37. Kh2 Rd2 38. Kg1 Qb1+ 39. Kh2 Qg6 40. h4 e4 41. fxe4 f3 42. gxf3 Rxb2 43. h5 Qf6 0-1


[Site "https://www.chess.com"]

[Event "Titled Tuesday Blitz February 28 Early 2023"]
[White "Sadhwani, Raunak"]
[Black "Le, Tuan Minh"]
[WhiteFideId "35093487"]
[BlackFideId "12401153"]
[WhiteElo "2631"]
[BlackElo "2558"]
[Result "0-1"]
[Round "10"]
[TimeControl "180+2"]
[Date "2023.02.28"]
[WhiteClock "0:00:03"]
[BlackClock "0:00:19"]

1. e4 c5 2. Nf3 Nf6 3. Nc3 d5 4. exd5 Nxd5 5. Bb5+ Bd7 6. Ne5 Nf6 7. a4 a6 8. Bc4 e6 9. O-O Nc6 10. Nxd7 Qxd7 11. d3 Be7 12. Ne4 O-O 13. Be3 Qc7 14. Nxf6+ Bxf6 15. Bxc5 Rfd8 16. Ba3 Rab8 17. c3 b5 18. axb5 axb5 19. Bb3 b4 20. cxb4 Nxb4 21. Bc4 g6 22. Rc1 Qd7 23. Bxb4 Rxb4 24. b3 Bd4 25. Qf3 Kg7 26. Rfe1 Rbb8 27. g3 Ra8 28. Re2 Ra5 29. b4 Rf5 30. Qg2 h5 31. h4 Qa7 32. b5 Rf6 33. Ra2 Qb6 34. Rcc2 Qd6 35. Kh2 Rc8 36. Qe4 Bb6 37. Kg2 Rc5 38. Qb7 Rcf5 39. Qe4 Re5 40. Qc6 Qd4 41. Re2 Ref5 42. f4 Qg1+ 43. Kh3 Rxf4 44. gxf4 Qg4+ 45. Kh2 Qxh4+ 46. Kg2 Qg4+ 47. Kh2 Qxf4+ 48. Kg2 Qg4+ 49. Kh2 Qh4+ 50. Kg2 Qg5+ 51. Kh2 Rf4 52. Re4 Qg1+ 53. Kh3 Rf3+ 0-1


[Site "https://www.chess.com"]

[Event "Titled Tuesday Blitz February 28 Early 2023"]
[White "Indjic, Aleksandar"]
[Black "Dubov, Daniil"]
[WhiteFideId "911925"]
[BlackFideId "24126055"]
[WhiteElo "2625"]
[BlackElo "2802"]
[Result "0-1"]
[Round "10"]
[TimeControl "180+2"]
[Date "2023.02.28"]
[WhiteClock "0:00:02"]
[BlackClock "0:00:07"]

1. d4 Nf6 2. c4 e6 3. Nf3 d5 4. Nc3 Be7 5. Bg5 h6 6. Bh4 O-O 7. e3 b6 8. Bd3 dxc4 9. Bxc4 Bb7 10. Qe2 Nbd7 11. Rd1 Ne4 12. Bg3 Bb4 13. Qc2 Bxc3+ 14. bxc3 Nxg3 15. hxg3 Nf6 16. Bd3 Qe7 17. O-O c5 18. Ne5 Rfc8 19. Qe2 Nd5 20. Rc1 Rc7 21. c4 Nf6 22. Bb1 Nd7 23. Qd3 Nf8 24. Rfd1 Rd8 25. f4 cxd4 26. exd4 Ba6 27. a4 Qb4 28. g4 f6 29. Ng6 Bxc4 30. Qe3 Rdc8 31. Nxf8 Kxf8 32. g5 Bd5 33. gxh6 gxh6 34. f5 Rxc1 35. Qxh6+ Ke7 36. Qg7+ Kd6 37. Qg3+ Kd7 38. Qg7+ Qe7 39. fxe6+ Bxe6 40. Qxe7+ Kxe7 0-1


[Site "https://www.chess.com"]

[Event "Titled Tuesday Blitz February 28 Early 2023"]
[White "Tabatabaei, M. Amin"]
[Black "Nakamura, Hikaru"]
[WhiteFideId "12521213"]
[BlackFideId "2016192"]
[WhiteElo "2565"]
[BlackElo "2879"]
[Result "0-1"]
[Round "10"]
[TimeControl "180+2"]
[Date "2023.02.28"]
[WhiteClock "0:00:01"]
[BlackClock "0:00:09"]

1. c4 Nf6 2. Nc3 e5 3. Nf3 Nc6 4. e4 Bb4 5. d3 d6 6. a3 Bc5 7. b4 Bb6 8. Be3 O-O 9. Be2 Ng4 10. Bxb6 axb6 11. b5 Ne7 12. h3 Nf6 13. Qd2 Ng6 14. g3 Nd7 15. h4 Re8 16. h5 Ngf8 17. h6 g6 18. d4 Ne6 19. d5 Nec5 20. Qe3 Nf6 21. Nd2 Ng4 22. Bxg4 Bxg4 23. Kf1 Bd7 24. Kg2 f5 25. exf5 gxf5 26. Rh5 Kh8 27. Nf3 Qf6 28. Qg5 Qxg5 29. Nxg5 Re7 30. a4 Be8 31. Rhh1 Bg6 32. Nf3 Rf8 33. Nh4 Be8 34. a5 bxa5 35. Rxa5 Bd7 36. Na4 Nd3 37. Ra7 f4 38. Rxb7 fxg3 39. fxg3 e4 40. Nc3 e3 41. Rd1 e2 42. Nxe2 Rxe2+ 43. Kg1 Nf2 44. Ra1 Nh3+ 45. Kh1 Rff2 46. Rb8+ Be8 47. Ng2 Kg8 0-1


[Site "https://www.chess.com"]

[Event "Titled Tuesday Blitz February 28 Early 2023"]
[White "Svane, Rasmus"]
[Black "Caruana, Fabiano"]
[WhiteFideId "4657101"]
[BlackFideId "2020009"]
[WhiteElo "2597"]
[BlackElo "2818"]
[Result "1-0"]
[Round "10"]
[TimeControl "180+2"]
[Date "2023.02.28"]
[WhiteClock "0:00:43"]
[BlackClock "0:00:21"]

1. Nf3 Nf6 2. g3 g6 3. Bg2 Bg7 4. O-O O-O 5. d4 b6 6. c4 Bb7 7. Re1 e6 8. Bf4 d6 9. Qc2 Nbd7 10. e4 Nh5 11. Bg5 Qe8 12. Nc3 h6 13. Be3 e5 14. Rad1 Nhf6 15. h3 c6 16. b4 Rc8 17. Qa4 a6 18. Qb3 Kh7 19. dxe5 dxe5 20. a4 Qe6 21. Nd2 Rfd8 22. c5 bxc5 23. Qxe6 fxe6 24. bxc5 Bf8 25. Nb3 Rb8 26. Bf1 Re8 27. Rd2 Bc8 28. Rb1 Rb4 29. f3 g5 30. Kg2 Kg6 31. Rdb2 Kg7 32. Na5 Rxb2+ 33. Rxb2 Bxc5 34. Bxc5 Nxc5 35. Nxc6 Nfd7 36. Na5 Kf6 37. Nc4 Rd8 38. a5 Bb7 39. Be2 Bc6 40. Kf2 Rb8 41. Rxb8 Nxb8 42. Ke3 Nb3 43. Bd1 Nd4 44. Nxe5 Kxe5 45. f4+ gxf4+ 46. gxf4+ Kd6 47. Kxd4 Be8 48. e5+ Kc7 49. Bf3 Bb5 50. Nxb5+ axb5 51. Kc5 1-0


[Site "https://www.chess.com"]

[Event "Titled Tuesday Blitz February 28 Early 2023"]
[White "Firouzja, Alireza"]
[Black "Demchenko, Anton"]
[WhiteFideId "12573981"]
[BlackFideId "4160258"]
[WhiteElo "2904"]
[BlackElo "2545"]
[Result "0-1"]
[Round "10"]
[TimeControl "180+2"]
[Date "2023.02.28"]
[WhiteClock "0:00:05"]
[BlackClock "0:00:08"]

1. e4 e5 2. Nf3 Nc6 3. Bb5 a6 4. Ba4 Nge7 5. Nc3 d6 6. a3 h6 7. d4 b5 8. Bb3 Nxd4 9. Nxd4 exd4 10. Qxd4 c5 11. Qd1 g6 12. a4 c4 13. Qd4 Rg8 14. Ba2 Bg7 15. Qe3 Rb8 16. axb5 axb5 17. O-O Qb6 18. Qe2 Bxc3 19. bxc3 Be6 20. Bb1 g5 21. Be3 Qc6 22. Bd4 Ng6 23. Ra7 Nf4 24. Qe3 Ra8 25. Rd1 Rxa7 26. Bxa7 Ke7 27. Bd4 f6 28. f3 Kf7 29. g3 Ng6 30. Kh1 Re8 31. Kg1 Bc8 32. Qf2 Bb7 33. Be3 Ne5 34. Rf1 Kg7 35. Bd4 Ra8 36. h4 Ra1 37. hxg5 hxg5 38. Kg2 Ra8 39. Rh1 g4 40. Qe3 gxf3+ 41. Kf1 Qxe4 42. Qh6+ Kf7 43. Qh7+ Ke6 44. Qh3+ Qf5 45. Qh6 Ra1 0-1


[Site "https://www.chess.com"]

[Event "Titled Tuesday Blitz February 28 Early 2023"]
[White "Lazavik, Denis"]
[Black "Kamsky, Gata"]
[WhiteFideId "13515110"]
[BlackFideId "2000024"]
[WhiteElo "2560"]
[BlackElo "2666"]
[Result "1/2-1/2"]
[Round "10"]
[TimeControl "180+2"]
[Date "2023.02.28"]
[WhiteClock "0:00:07"]
[BlackClock "0:00:18"]

1. d4 d5 2. c4 c6 3. Nf3 Nf6 4. Qc2 g6 5. cxd5 cxd5 6. Bf4 Nc6 7. Nc3 Bg4 8. e3 Bxf3 9. gxf3 e6 10. Be2 Bd6 11. Bg5 Rc8 12. Qb3 Rb8 13. f4 Be7 14. h4 h5 15. Bd3 Nd7 16. Rg1 Qb6 17. Qxb6 Nxb6 18. Bxe7 Kxe7 19. Kd2 Rbc8 20. Rgc1 Kf6 21. b3 Rhd8 22. Ne2 Nb4 23. Nc3 Nxd3 24. Kxd3 a6 25. a4 a5 26. Nb5 Ke7 27. f3 Rc6 28. Rc3 Ra8 29. Rac1 Kd7 30. e4 Nc8 31. f5 gxf5 32. exd5 exd5 33. Rg1 Nd6 34. Nxd6 Rxc3+ 35. Kxc3 Kxd6 36. Rg5 Rh8 37. Rxf5 Ke6 38. Re5+ Kd6 39. Rg5 Ke6 40. Kd3 b6 41. Re5+ Kd6 42. Rf5 Ke6 43. Re5+ Kd6 44. Rg5 Ke6 45. Ke3 Rc8 46. Re5+ Kd6 47. Kd3 Rh8 1/2-1/2


[Site "https://www.chess.com"]

[Event "Titled Tuesday Blitz February 28 Early 2023"]
[White "Deac, Bogdan-Daniel"]
[Black "Rustemov, Alexander"]
[WhiteFideId "1226380"]
[BlackFideId "4119002"]
[WhiteElo "2649"]
[BlackElo "2893"]
[Result "0-1"]
[Round "10"]
[TimeControl "180+2"]
[Date "2023.02.28"]
[WhiteClock "0:00:01"]
[BlackClock "0:00:40"]

1. c4 c5 2. Nf3 g6 3. g3 Bg7 4. Bg2 Nc6 5. Nc3 Nf6 6. d4 cxd4 7. Nxd4 O-O 8. Nc2 d6 9. O-O Be6 10. b3 Rc8 11. Bb2 a6 12. Rb1 Qa5 13. a4 Qh5 14. Nd5 Bxd5 15. cxd5 Nb8 16. h3 Nfd7 17. Nd4 Bf6 18. a5 Qh6 19. e3 Qg7 20. h4 h5 21. Bh3 Rc7 22. b4 Ne5 23. Qe2 Nbd7 24. Rfc1 Rfc8 25. f4 Rxc1+ 26. Rxc1 Rxc1+ 27. Bxc1 Ng4 28. Bxg4 hxg4 29. Qxg4 Bxd4 30. Qxd7 Bb2 31. Bd2 Qf6 32. Qxb7 Qf5 33. Qxa6 Qc2 34. Be1 Bc1 35. Kf1 Bxe3 36. Qe2 Qb3 37. Qf3 Qd3+ 38. Kg2 Qc2+ 39. Kh3 Bg1 40. Qg2 Bd4 0-1


[Site "https://www.chess.com"]

[Event "Titled Tuesday Blitz February 28 Early 2023"]
[White "Adhiban, B."]
[Black "Livaic, Leon"]
[WhiteFideId "5018471"]
[BlackFideId "14531534"]
[WhiteElo "2587"]
[BlackElo "2509"]
[Result "1-0"]
[Round "10"]
[TimeControl "180+2"]
[Date "2023.02.28"]
[WhiteClock "0:02:01"]
[BlackClock "0:01:37"]

1. b3 d5 2. Bb2 Bg4 3. Nf3 Bxf3 4. exf3 Nf6 5. g3 g6 6. Qe2 Nbd7 7. Bxf6 Nxf6 8. Qb5+ c6 9. Qxb7 Rc8 10. Nc3 Bg7 11. Bh3 Rc7 12. Qa6 O-O 13. O-O e5 14. Rfe1 Re8 15. Rad1 Nd7 16. Bxd7 Qxd7 17. Kg2 f5 18. b4 Rb8 19. a3 c5 20. bxc5 Rxc5 21. Rb1 Rcc8 22. Rxb8 Rxb8 23. Rb1 Rxb1 24. Nxb1 d4 25. d3 h5 26. Qxg6 Qc6 27. Qxc6 1-0


[Site "https://www.chess.com"]

[Event "Titled Tuesday Blitz February 28 Early 2023"]
[White "Sarana, Alexey"]
[Black "Kowalczyk, Pawel"]
[WhiteFideId "24133795"]
[BlackFideId "1130641"]
[WhiteElo "2717"]
[BlackElo "2324"]
[Result "0-1"]
[Round "10"]
[TimeControl "180+2"]
[Date "2023.02.28"]
[WhiteClock "0:00:01"]
[BlackClock "0:00:25"]

1. c4 e5 2. Nf3 Nc6 3. Nc3 Nf6 4. g3 Bb4 5. Nd5 Bc5 6. Bg2 d6 7. O-O O-O 8. e3 Bg4 9. h3 Bh5 10. g4 Bg6 11. d3 Nxd5 12. cxd5 Nb4 13. e4 c6 14. a3 Na6 15. b4 Bb6 16. dxc6 bxc6 17. Qa4 Qc8 18. Bd2 Qb7 19. Nh4 Rfd8 20. Kh1 Rac8 21. f4 exf4 22. Bxf4 Nc7 23. Nf5 Bxf5 24. gxf5 Bd4 25. Ra2 Nb5 26. Qb3 Be5 27. Be3 Nd4 28. Qc4 c5 29. bxc5 dxc5 30. Rg1 Qe7 31. Bf1 Bf6 32. Rg4 Nxf5 33. Bf2 Nd4 34. Be3 Qe6 35. Qxe6 fxe6 36. Bf4 g6 37. h4 Kf7 38. Rh2 h5 39. Rgg2 c4 40. dxc4 Nf3 41. Rh3 Nxh4 42. Rf2 Kg7 43. Be3 Rd1 44. Kg1 Be7 45. Bxa7 g5 46. Be3 g4 47. Rg3 Bd6 48. Bf4 Bc5 49. Be3 Bxe3 50. Rxe3 Rxc4 51. Kh2 Rcc1 52. Be2 Rh1+ 53. Kg3 Rcg1+ 54. Kf4 Ng2+ 55. Rxg2 Rxg2 56. Bc4 Kf6 57. e5+ Ke7 58. Rb3 Rf2+ 59. Kg5 Rf5+ 60. Kg6 Rxe5 61. Rb7+ Kd6 62. Rb3 h4 0-1


[Site "https://www.chess.com"]

[Event "Titled Tuesday Blitz February 28 Early 2023"]
[White "Paravyan, David"]
[Black "Yeletsky, Ivan"]
[WhiteFideId "4194985"]
[BlackFideId "24180327"]
[WhiteElo "2577"]
[BlackElo "2414"]
[Result "1-0"]
[Round "10"]
[TimeControl "180+2"]
[Date "2023.02.28"]
[WhiteClock "0:00:07"]
[BlackClock "0:00:01"]

1. e4 e6 2. d4 d5 3. Nd2 c5 4. exd5 Qxd5 5. Ngf3 cxd4 6. Bc4 Qd6 7. O-O Nf6 8. Nb3 Nc6 9. Nbxd4 Nxd4 10. Nxd4 Be7 11. Re1 O-O 12. c3 Bd7 13. Bb3 a5 14. a4 Qb6 15. Be3 Bc5 16. Bc2 Bc6 17. Nxc6 bxc6 18. Bxc5 Qxc5 19. Qe2 Rab8 20. Rab1 g6 21. g3 Kg7 22. Qe5 Qd5 23. b4 Rfd8 24. Qe2 Qa2 25. bxa5 Rxb1 26. Rxb1 Rd5 27. a6 Ra5 28. Bd3 Qxa4 29. Rb7 h5 30. Qxe6 Qd1+ 31. Kg2 Qxd3 32. Rxf7+ Kh6 33. Qxf6 Qe4+ 34. Qf3 Qxf3+ 35. Kxf3 Rxa6 36. Rf6 Kg5 37. Rf4 Ra5 38. h4+ Kh6 39. Rc4 c5 40. Ke4 g5 41. Kd5 gxh4 42. Rxh4 Ra2 43. Rf4 Rc2 44. c4 Kg5 45. Kxc5 h4 46. Rxh4 Rxf2 47. Rd4 Rf3 48. g4 Rc3 49. Kd5 1-0


[Site "https://www.chess.com"]

[Event "Titled Tuesday Blitz February 28 Early 2023"]
[White "Erigaisi Arjun"]
[Black "Zhigalko, Sergei"]
[WhiteFideId "35009192"]
[BlackFideId "13502956"]
[WhiteElo "2737"]
[BlackElo "2626"]
[Result "1-0"]
[Round "10"]
[TimeControl "180+2"]
[Date "2023.02.28"]
[WhiteClock "0:00:43"]
[BlackClock "0:00:01"]

1. c4 e5 2. d3 Nf6 3. Nf3 Nc6 4. a3 a5 5. e3 d5 6. cxd5 Nxd5 7. Be2 Be7 8. O-O O-O 9. b3 Be6 10. Bb2 f6 11. Nbd2 Qe8 12. Rc1 Qg6 13. Ne4 Rad8 14. Qc2 Kh8 15. Rfd1 Rfe8 16. Kh1 Bf8 17. Rg1 f5 18. Nc5 Bc8 19. Nd2 Qh6 20. Bf3 Rd6 21. g3 f4 22. gxf4 exf4 23. e4 Nb6 24. Bg4 Ne5 25. Bxe5 Rxe5 26. Nf3 Bxg4 27. Rxg4 Rh5 28. Nxb7 Rg6 29. Nd8 Bxa3 30. Nf7+ 1-0


[Site "https://www.chess.com"]

[Event "Titled Tuesday Blitz February 28 Early 2023"]
[White "Shimanov, Aleksandr"]
[Black "Koelle, Tobias"]
[WhiteFideId "4198603"]
[BlackFideId "16207378"]
[WhiteElo "2631"]
[BlackElo "2497"]
[Result "0-1"]
[Round "10"]
[TimeControl "180+2"]
[Date "2023.02.28"]
[WhiteClock "0:00:03"]
[BlackClock "0:00:22"]

1. e4 g6 2. d4 Bg7 3. c4 d6 4. Nc3 e5 5. d5 Qe7 6. Bd3 Na6 7. Nge2 f5 8. exf5 gxf5 9. Ng3 e4 10. Be2 Nf6 11. Nh5 O-O 12. Nxg7 Qxg7 13. g3 Nc5 14. Be3 Qg6 15. Qd2 Bd7 16. O-O-O a6 17. h3 b5 18. b4 Nd3+ 19. Bxd3 exd3 20. Qxd3 a5 21. Nxb5 Bxb5 22. cxb5 axb4 23. Rd2 Ra3 24. Qd4 b3 25. axb3 Rfa8 26. Rdd1 f4 27. gxf4 Ra1+ 28. Kb2 R8a2+ 29. Kc3 Qc2+ 30. Kb4 Rxd1 31. Rxd1 Rb2 32. Rg1+ Kf7 33. Qc4 Qxc4+ 34. Kxc4 Rc2+ 35. Kd3 Rb2 36. Kc3 Ra2 37. Kc4 Rc2+ 38. Kd3 Ra2 39. Rc1 Nxd5 40. Ke4 Nf6+ 41. Kf5 Ne8 42. b6 cxb6 43. Bxb6 Rb2 44. Rc3 Ng7+ 45. Ke4 Ke6 46. Kd3 Nf5 47. Kc4 d5+ 48. Kb4 d4 49. Rd3 Kd5 50. f3 Rh2 51. Kb5 Rxh3 52. b4 Rh1 53. Bc7 Rc1 54. Be5 h5 55. Rd2 h4 56. Kb6 h3 57. b5 Rg1 58. Rh2 d3 59. Bc3 Rc1 60. Be5 Ng3 61. Rxh3 d2 62. Rh8 d1=Q 63. Rd8+ Ke6 64. Rxd1 Rxd1 65. Ka7 Nf5 66. b6 Ne7 67. b7 Rb1 68. b8=Q Nc6+ 69. Ka8 Nxb8 70. Bxb8 Kd7 71. Be5 Kc6 72. Ka7 Rb3 73. Ka8 Rxf3 74. Ka7 Rb3 75. Ka8 Kb6 76. Bd4+ Ka6 77. Be5 Rb4 78. Bd6 Rd4 79. Bc7 Rd7 80. Kb8 Rf7 81. Kc8 Kb5 82. Be5 Kc6 83. Kb8 Rf8+ 84. Ka7 Rd8 85. Ka6 Rg8 86. Ka7 Rf8 87. Bb8 Rf7+ 88. Ka8 Rf5 89. Ba7 Ra5 90. f5 Rd5 91. f6 Rd8+ 92. Bb8 Rf8 93. f7 Rxf7 94. Ba7 Rd7 95. Bb8 Rd1 96. Ba7 Kd7 97. Bb8 Rb1 98. Ba7 Kc8 99. Bd4 Rb4 100. Bc5 Rb5 101. Ba7 Kc7 102. Be3 Kc6 103. Ba7 Rb1 104. Bb8 Kb6 105. Ba7+ Kc7 106. Bb8+ Rxb8+ 0-1


[Site "https://www.chess.com"]